AoeStats
← schmeno

Arena

510206306Analyzed
2v2 RM · 3d ago on Sep 29, 2026· 41m 21s· 4 players
Game mode
Random Map
Map size
Medium (4 player)
Population
200
Speed
Normal
Resources
Standard
Victory
Conquest
Starting age
Dark Age
Ending age
Imperial Age
RankedLock teamsTeams togetherTeam positionsShared explorationLock speedFull tech treeHidden civsTurbo modeCheats
Victory
Defeat
🇺🇸 Franks · United States
1109
+16
🇺🇸 Danes · United States
1004
+21
🇩🇪 Franks · Germany
1119
-19
🇺🇸 Cumans · United States
1088
-18
cjblikstad
2:25 Loom
11:28 Feudal Age
13:59 Wheelbarrow
13:31 Town Watch
13:59 Forging
13:26 Man-at-Arms
22:20 Town Watch
27:16 Castle Age
27:42 Scale Barding Armor
27:51 Bloodlines
zeromaster
13:36 Feudal Age
14:06 Double-Bit Axe
17:19 Castle Age
17:10 Gold Mining
18:38 Bow Saw
22:48 Loom
24:00 Gold Shaft Mining
25:07 Wheelbarrow
26:37 Scale Barding Armor
28:19 Forging
33:08 Hand Cart
32:44 Light Cavalry
33:24 Husbandry
33:46 Stone Mining
35:24 Iron Casting
35:09 Chain Barding Armor
39:22 Imperial Age
Simon Nelson Cook
10:22 Feudal Age
15:01 Castle Age
13:10 Double-Bit Axe
13:34 Fletching
16:01 Scale Mail Armor
18:25 Loom
26:47 Horse Collar
34:03 Pikeman
34:44 Squires
34:32 Arson
37:57 Chain Mail Armor
37:38 Bodkin Arrow
39:43 Forging
43:35 Imperial Age
schmeno
8:09 Loom
10:08 Feudal Age
14:13 Castle Age
12:17 Double-Bit Axe
13:17 Forging
14:24 Scale Barding Armor
19:51 Iron Casting
21:10 Chain Barding Armor
21:43 Bow Saw
26:26 Loom
29:36 Imperial Age
27:38 Herbal Medicine
32:02 Plate Barding Armor
32:17 Cavalier
34:48 Blast Furnace
33:50 Husbandry
33:51 Gold Mining
37:09 Chemistry
37:46 Paladin
39:31 Gold Shaft Mining
40:09 Siege Engineers
Connection lost

Rejoining the realm…

Still unreachable

The connection could not be restored.

Session expired

The server has moved on; the page needs a fresh start.